Oilers vs Predators

Created - November-02-14 at 10:43

Goals
1 2 3 T
Oilers 0 0 1 1
Predators 2 2 1 5
Shots
1 2 3 T
Oilers 9 9 14 32
Predators 13 7 5 25

1st period

1. Predators , Jaden Schwartz 6 (Roman Josi, Nicklas Backstrom) at 6:30
2. Predators , Steven Stamkos 7 (Anton Stralman, Roman Josi) at 15:20

Penalties :
Colin McDonald (EDM) for Delaying the game (Minor) at 0:52, Nicklas Backstrom (NSH) for Holding (Minor) at 3:53

2nd period

3. Predators , Max Pacioretty 7 (Jaden Schwartz, Nicklas Backstrom) at 16:16
4. Predators , Jaden Schwartz 7 (Max Pacioretty, Nicklas Backstrom) at 17:45 (PP)

Penalties :
Jordie Benn (NSH) for Attempt to injure (Major / Game Misconduct) at 5:32, Roman Josi (NSH) for Hooking (Minor) at 8:30, Charlie Coyle (EDM) for Hooking (Minor) at 10:14, Marc Methot (EDM) for Interference (Minor) at 17:27

3rd period

5. Oilers , Jake Muzzin 6 (Brooks Laich, Dennis Wideman) at 1:51 (PP)
6. Predators , Nikita Zadorov 2 (Nicklas Backstrom, Jaden Schwartz) at 2:09

Penalties :
Nikita Zadorov (NSH) for Roughing (Minor) at 0:42, Justin Abdelkader (NSH) for High sticking (Minor) at 11:30, Nikita Zadorov (NSH) for Holding (Minor) at 12:11, Dainius Zubrus (EDM) for Holding (Minor) at 12:11

Goalie Stats

Ben Scrivens (EDM), 14 saves from 18 shots - (0.778), L, 0-3-1, 37:45 minutes
Kari Lehtonen (EDM), 6 saves from 7 shots - (0.857), 22:15 minutes
Carter Hutton (NSH), 31 saves from 32 shots - (0.969), W, 2-1-0, 60:00 minutes

Players Stats for Oilers

Player Name              G  A  P  +/- PIM S  H  SB GA TA FO     MP     PP MP  PK MP  
------------------------------------------------------------------------------------
Aleksander Barkov        0  0  0  -3  0   1  0  0  0  0  7/13   12:45   0:00   0:00 
Brian Campbell           0  0  0  -1  0   2  0  4  0  0  0/0    24:51   5:23   2:21 
Brooks Laich             0  1  1  -1  0   1  2  0  0  0  0/0    19:45   2:58   0:18 
Chad Ruhwedel            0  0  0  -2  0   0  4  1  0  0  0/0    12:16   0:00   0:18 
Charlie Coyle            0  0  0  -1  2   3  4  0  0  0  0/1    19:26   2:57   0:00 
Colin McDonald           0  0  0   0  2   0  1  0  0  0  0/0     3:19   0:00   0:00 
Dainius Zubrus           0  0  0  -1  2   3  5  0  0  0  11/23  20:51   2:57   1:25 
Dennis Wideman           0  1  1  -1  0   1  1  1  0  0  0/0    18:47   3:08   1:38 
Drew Miller              0  0  0  -3  0   1  0  0  0  0  0/2    12:48   0:00   0:23 
Jake Muzzin              1  0  1  -1  0   2  3  2  0  0  0/0    23:11   3:08   1:38 
Marc Methot              0  0  0  -1  2   4  3  0  0  0  0/0    24:32   5:23   2:03 
Martin Marincin          0  0  0   0  0   0  0  0  0  0  0/0     4:24   0:00   0:00 
Mats Zuccarello          0  0  0   0  0   4  3  0  0  0  5/14   25:42   5:33   2:11 
Mikkel Boedker           0  0  0   0  0   4  2  0  0  0  3/7    20:34   5:33   1:25 
Nikita Kucherov          0  0  0   0  0   1  0  0  0  0  0/0     3:20   0:00   0:00 
Nikolai Kulemin          0  0  0  -3  0   2  4  0  0  0  0/2    12:40   0:00   0:00 
Olli Maatta              0  0  0  -2  0   1  3  1  0  0  0/0    11:58   0:00   0:00 
Travis Zajac             0  0  0   0  0   2  0  0  0  0  10/19  22:32   5:33   2:16 

Players Stats for Predators

Player Name              G  A  P  +/- PIM S  H  SB GA TA FO     MP     PP MP  PK MP  
------------------------------------------------------------------------------------
Anton Stralman           0  1  1   2  0   1  0  1  0  0  0/0    16:43   1:55   1:30 
Artem Anisimov           0  0  0   0  0   1  0  0  0  0  0/1    16:33   1:55   1:41 
Casey Cizikas            0  0  0   0  0   0  0  1  0  0  7/15    8:49   0:00   6:46 
Cody Franson             0  0  0   0  0   0  0  0  0  0  0/0    11:00   2:04   0:00 
Derick Brassard          0  0  0   0  0   3  2  0  0  0  6/13   12:57   0:00   0:00 
Jaden Schwartz           2  2  4   3  0   5  0  0  0  0  0/0    18:10   1:55   0:00 
Jordie Benn              0  0  0   0  15  0  0  0  0  0  0/0     7:22   0:00   1:07 
Justin Abdelkader        0  0  0   0  2   0  0  1  0  0  0/0     3:43   0:00   1:41 
Max Pacioretty           1  1  2   3  0   4  3  0  0  0  0/0    19:20   2:22   0:00 
Nicklas Backstrom        0  4  4   3  2   2  0  0  0  0  15/20  18:36   2:22   0:00 
Nikita Zadorov           1  0  1   2  4   1  0  1  0  0  0/0    15:41   0:00   3:35 
Patrik Berglund          0  0  0   0  0   0  0  0  0  0  1/2    14:06   0:00   1:09 
Roman Josi               0  2  2   2  2   3  0  1  0  0  0/0    22:54   2:04   3:15 
Steven Stamkos           1  0  1   1  0   2  2  0  0  0  3/6    16:46   2:04   0:00 
T.J. Oshie               0  0  0   1  0   0  2  0  0  0  2/5    20:42   1:37   5:06 
Valtteri Filppula        0  0  0   1  0   2  1  0  0  0  11/19  18:07   1:37   0:28 
Zach Bogosian            0  0  0   2  0   1  5  1  0  0  0/0    23:14   0:00   5:31 
Zbynek Michalek          0  0  0   0  0   0  0  5  0  0  0/0    21:07   0:00   5:08 

3 Stars

1 - Jaden Schwartz (NSH)
2 - Max Pacioretty (NSH)
3 - Nicklas Backstrom (NSH)

Power Play

Oilers - 1 on 5 Attempt(s) - 20.00%
Predators - 1 on 3 Attempt(s) - 33.33%

Penalty Kill

Oilers - 2 on 3 Attempt(s) - 66.67% - Score 0 goal in Penalty Kill
Predators - 4 on 5 Attempt(s) - 80.00% - Score 0 goal in Penalty Kill

Official

Referees : Frederick L'Ecuyer and Dave Lewis
Linesman : Kiel Murchison and Scott Cherrey

Game Notes

Jordie Benn ejected from game at 5:32 of 2nd period
Kari Lehtonen enters game at 17:45 of 2nd period

Finance

Level 1 -- Attendance: 4526 (69.63%) -- Ticket Income $543,120
Level 2 -- Attendance: 3658 (73.16%) -- Ticket Income $299,956
Level 3 -- Attendance: 2572 (73.49%) -- Ticket Income $154,320
Level 4 -- Attendance: 1113 (100.00%) -- Ticket Income $46,746
Luxury Box -- Attendance: 937 (93.70%) -- Ticket Income $173,345
Game was played at the Bridgestone Arena
Total Attendance: 12806 (74.83%)
Total Ticket Income: $1,217,487
Other Income: $182,623
Total Income: $1,400,110

% Time on Ice - Oilers

Lines # - Real PCT - Wanted PCT - Time Play
Normal Forward
1 - 29% - 35% - 13:18
2 - 36% - 30% - 16:29
3 - 27% - 20% - 12:07
4 - 7% - 15% - 3:20
Normal Defense
1 - 35% - 35% - 16:01
2 - 28% - 30% - 12:51
3 - 26% - 20% - 11:58
4 - 10% - 15% - 4:24
PP Forward
1 - 65% - 60% - 5:33
2 - 35% - 40% - 2:58
PP Defense
1 - 63% - 60% - 5:23
2 - 37% - 40% - 3:08
PK Forward
1 - 64% - 60% - 2:34
2 - 36% - 40% - 1:25
PK Defense
1 - 59% - 60% - 2:21
2 - 41% - 40% - 1:38
PK3 Forward
1 - 0% - 60%
2 - 0% - 40%
PK3 Defense
1 - 0% - 60%
2 - 0% - 40%
44 Forward
1 - 87% - 60% - 1:58
2 - 13% - 40% - 0:18
44 Defense
1 - 49% - 60% - 1:06
2 - 51% - 40% - 1:10
Last Minute Offensive  - 0:00
Last Minute Defensive  - 0:00
Total
Forward - 60:00
Defense - 60:00

% Time on Ice - Predators

Lines # - Real PCT - Wanted PCT - Time Play
Normal Forward
1 - 36% - 34% - 16:15
2 - 31% - 31% - 13:59
3 - 29% - 27% - 12:57
4 - 5% - 8% - 2:03
Normal Defense
1 - 27% - 33% - 12:16
2 - 27% - 32% - 12:07
3 - 35% - 25% - 15:59
4 - 11% - 10% - 4:52
PP Forward
1 - 59% - 60% - 2:22
2 - 41% - 40% - 1:37
PP Defense
1 - 52% - 60% - 2:04
2 - 48% - 40% - 1:55
PK Forward
1 - 75% - 60% - 5:06
2 - 25% - 40% - 1:41
PK Defense
1 - 57% - 60% - 3:54
2 - 43% - 40% - 2:53
PK3 Forward
1 - 65% - 60% - 2:08
2 - 35% - 40% - 1:09
PK3 Defense
1 - 43% - 60% - 1:24
2 - 57% - 40% - 1:53
44 Forward
1 - 100% - 60% - 0:43
2 - 0% - 40% - 0:00
44 Defense
1 - 63% - 60% - 0:27
2 - 37% - 40% - 0:16
Last Minute Offensive  - 0:00
Last Minute Defensive  - 0:00
Total
Forward - 60:00
Defense - 60:00

Play by Play

1st period


0:01 of 1st period - Travis Zajac wins face-off versus Nicklas Backstrom in neutral zone.
0:10 of 1st period - Shot by Mikkel Boedker.
0:10 of 1st period - Shot Misses the Net.
0:12 of 1st period - Shot by Marc Methot.
0:12 of 1st period - Shot Blocked by Anton Stralman.
0:14 of 1st period - Shot by Travis Zajac.
0:14 of 1st period - Stopped by Carter Hutton without a rebound.
0:15 of 1st period - Dainius Zubrus wins face-off versus Valtteri Filppula in Predators zone.
0:18 of 1st period - Shot by Charlie Coyle.
0:18 of 1st period - Shot Misses the Net.
0:20 of 1st period - Shot by Dainius Zubrus.
0:20 of 1st period - Stopped by Carter Hutton with a rebound.
0:22 of 1st period - Shot by Brooks Laich.
0:22 of 1st period - Shot Blocked by Nikita Zadorov.
0:24 of 1st period - Shot by Charlie Coyle.
0:24 of 1st period - Shot Misses the Net.
0:26 of 1st period - Shot by Dainius Zubrus.
0:26 of 1st period - Stopped by Carter Hutton without a rebound.
0:27 of 1st period - Derick Brassard wins face-off versus Aleksander Barkov in Predators zone.
0:29 of 1st period - Icing by Zbynek Michalek.
0:30 of 1st period - Patrik Berglund wins face-off versus Mats Zuccarello in Predators zone.
0:30 of 1st period - Patrik Berglund is hit by Colin McDonald.
0:41 of 1st period - Shot by Mats Zuccarello.
0:41 of 1st period - Stopped by Carter Hutton with a rebound.
0:52 of 1st period - Minor Penalty to Colin McDonald for Delaying the game.
0:53 of 1st period - Steven Stamkos wins face-off versus Mats Zuccarello in Oilers zone.
0:56 of 1st period - Shot by Cody Franson.
0:56 of 1st period - Deflect By Max Pacioretty.
0:56 of 1st period - Shot Misses the Net.
0:58 of 1st period - Shot by Roman Josi.
0:58 of 1st period - Stopped by Ben Scrivens without a rebound.
0:59 of 1st period - Nicklas Backstrom wins face-off versus Mats Zuccarello in Oilers zone.
1:12 of 1st period - Shot by Steven Stamkos.
1:12 of 1st period - Shot Misses the Net.
1:14 of 1st period - Shot by Roman Josi.
1:14 of 1st period - Stopped by Ben Scrivens without a rebound.
1:15 of 1st period - Valtteri Filppula wins face-off versus Mats Zuccarello in Oilers zone.
1:16 of 1st period - Shot by Jaden Schwartz.
1:16 of 1st period - Stopped by Ben Scrivens with a rebound.
1:20 of 1st period - Shot by Jaden Schwartz.
1:20 of 1st period - Stopped by Ben Scrivens without a rebound.
1:21 of 1st period - Mats Zuccarello wins face-off versus Nicklas Backstrom in Oilers zone.
2:29 of 1st period - Shot by Jaden Schwartz.
2:29 of 1st period - Stopped by Ben Scrivens without a rebound.
2:30 of 1st period - Valtteri Filppula wins face-off versus Mikkel Boedker in Oilers zone.
2:55 of 1st period - Shot by Jaden Schwartz.
2:55 of 1st period - Shot Misses the Net.
2:57 of 1st period - Shot by Justin Abdelkader.
2:57 of 1st period - Shot Misses the Net.
2:59 of 1st period - Shot by Zach Bogosian.
2:59 of 1st period - Stopped by Ben Scrivens without a rebound.
3:00 of 1st period - Derick Brassard wins face-off versus Drew Miller in Oilers zone.
3:00 of 1st period - Derick Brassard is hit by Olli Maatta.
3:43 of 1st period - Shot by Nikolai Kulemin.
3:43 of 1st period - Stopped by Carter Hutton without a rebound.
3:44 of 1st period - Nicklas Backstrom wins face-off versus Travis Zajac in Predators zone.
3:44 of 1st period - Nicklas Backstrom is hit by Mats Zuccarello.
3:52 of 1st period - Shot by Nicklas Backstrom.
3:52 of 1st period - Shot Misses the Net.
3:53 of 1st period - Minor Penalty to Nicklas Backstrom for Holding.
3:54 of 1st period - Travis Zajac wins face-off versus Casey Cizikas in Predators zone.
3:59 of 1st period - Shot by Marc Methot.
3:59 of 1st period - Shot Misses the Net.
4:01 of 1st period - Shot by Mats Zuccarello.
4:01 of 1st period - Shot Misses the Net.
6:16 of 1st period - Shot by Max Pacioretty.
6:16 of 1st period - Shot Blocked by Dennis Wideman.
6:18 of 1st period - Shot by Nicklas Backstrom.
6:18 of 1st period - Shot Misses the Net.
6:30 of 1st period - Shot by Jaden Schwartz.
6:30 of 1st period - Goal by Jaden Schwartz - Oilers : 0 - Predators : 1.
6:31 of 1st period - Aleksander Barkov wins face-off versus Derick Brassard in neutral zone.
6:48 of 1st period - Shot by Derick Brassard.
6:48 of 1st period - Stopped by Ben Scrivens with a rebound.
7:10 of 1st period - Shot by Patrik Berglund.
7:10 of 1st period - Shot Misses the Net.
7:20 of 1st period - Zbynek Michalek is hit by Nikolai Kulemin and loses puck.
7:46 of 1st period - Valtteri Filppula is hit by Olli Maatta.
8:24 of 1st period - Zach Bogosian is hit by Dainius Zubrus.
9:26 of 1st period - Shot by Artem Anisimov.
9:26 of 1st period - Stopped by Ben Scrivens with a rebound.
9:36 of 1st period - Shot by Derick Brassard.
9:36 of 1st period - Stopped by Ben Scrivens with a rebound.
9:44 of 1st period - Shot by Artem Anisimov.
9:44 of 1st period - Deflect By Derick Brassard.
9:44 of 1st period - Shot Misses the Net.
10:05 of 1st period - Icing by Jordie Benn.
10:06 of 1st period - Casey Cizikas wins face-off versus Dainius Zubrus in Predators zone.
10:17 of 1st period - Shot by Valtteri Filppula.
10:17 of 1st period - Shot Misses the Net.
10:24 of 1st period - Icing by Brooks Laich.
10:25 of 1st period - Nicklas Backstrom wins face-off versus Dainius Zubrus in Oilers zone.
10:34 of 1st period - Shot by Max Pacioretty.
10:34 of 1st period - Shot Misses the Net.
10:45 of 1st period - Martin Marincin is hit by Max Pacioretty and loses puck.
11:00 of 1st period - Nicklas Backstrom is hit by Brooks Laich.
11:13 of 1st period - Icing by Chad Ruhwedel.
11:14 of 1st period - Valtteri Filppula wins face-off versus Nikolai Kulemin in Oilers zone.
11:30 of 1st period - Icing by T.J. Oshie.
11:31 of 1st period - Valtteri Filppula wins face-off versus Travis Zajac in Predators zone.
11:39 of 1st period - Icing by Travis Zajac.
11:40 of 1st period - Derick Brassard wins face-off versus Travis Zajac in Oilers zone.
11:41 of 1st period - Shot by Artem Anisimov.
11:41 of 1st period - Shot Misses the Net.
12:05 of 1st period - Travis Zajac is hit by Derick Brassard and loses puck.
12:45 of 1st period - Shot by Charlie Coyle.
12:45 of 1st period - Deflect By Dainius Zubrus.
12:45 of 1st period - Shot Blocked by Zbynek Michalek.
13:05 of 1st period - Shot by Dainius Zubrus.
13:05 of 1st period - Shot Blocked by Zbynek Michalek.
13:42 of 1st period - Shot by Roman Josi.
13:42 of 1st period - Stopped by Ben Scrivens with a rebound.
13:47 of 1st period - Icing by Jake Muzzin.
13:48 of 1st period - Nicklas Backstrom wins face-off versus Dainius Zubrus in Oilers zone.
14:00 of 1st period - Icing by Zach Bogosian.
14:01 of 1st period - Nicklas Backstrom wins face-off versus Mikkel Boedker in Predators zone.
14:03 of 1st period - Icing by Max Pacioretty.
14:04 of 1st period - Mikkel Boedker wins face-off versus Nicklas Backstrom in Predators zone.
15:20 of 1st period - Shot by Steven Stamkos.
15:20 of 1st period - Goal by Steven Stamkos - Oilers : 0 - Predators : 2.
15:21 of 1st period - Dainius Zubrus wins face-off versus Valtteri Filppula in neutral zone.
15:30 of 1st period - Shot by Charlie Coyle.
15:30 of 1st period - Stopped by Carter Hutton without a rebound.
15:31 of 1st period - Valtteri Filppula wins face-off versus Aleksander Barkov in Predators zone.
15:44 of 1st period - Shot by Steven Stamkos.
15:44 of 1st period - Stopped by Ben Scrivens without a rebound.
15:45 of 1st period - Derick Brassard wins face-off versus Dainius Zubrus in Oilers zone.
17:44 of 1st period - Shot by Mikkel Boedker.
17:44 of 1st period - Stopped by Carter Hutton without a rebound.
17:45 of 1st period - Travis Zajac wins face-off versus Nicklas Backstrom in Predators zone.
17:48 of 1st period - Shot by Mikkel Boedker.
17:48 of 1st period - Deflect By Travis Zajac.
17:48 of 1st period - Shot Blocked by Zach Bogosian.
18:19 of 1st period - Travis Zajac is hit by Zach Bogosian and loses puck.
18:26 of 1st period - Zach Bogosian is hit by Mats Zuccarello and loses puck.
18:50 of 1st period - Icing by Jordie Benn.
18:51 of 1st period - Aleksander Barkov wins face-off versus Derick Brassard in Predators zone.
19:06 of 1st period - Shot by Aleksander Barkov.
19:06 of 1st period - Stopped by Carter Hutton with a rebound.
19:08 of 1st period - Shot by Drew Miller.
19:08 of 1st period - Stopped by Carter Hutton without a rebound.
19:09 of 1st period - Steven Stamkos wins face-off versus Aleksander Barkov in Predators zone.
19:44 of 1st period - T.J. Oshie is hit by Chad Ruhwedel and loses puck.
Goals for this period are 0 for Oilers vs 2 for Predators.
Shots for this period are 9 for Oilers vs 13 for Predators.

2nd period


0:01 of 2nd period - Valtteri Filppula wins face-off versus Travis Zajac in neutral zone.
0:30 of 2nd period - Shot by Valtteri Filppula.
0:30 of 2nd period - Stopped by Ben Scrivens without a rebound.
0:31 of 2nd period - Nicklas Backstrom wins face-off versus Dainius Zubrus in Oilers zone.
0:31 of 2nd period - Nicklas Backstrom is hit by Jake Muzzin.
1:13 of 2nd period - Shot by Jaden Schwartz.
1:13 of 2nd period - Shot Blocked by Jake Muzzin.
3:04 of 2nd period - Icing by Anton Stralman.
3:05 of 2nd period - T.J. Oshie wins face-off versus Dainius Zubrus in Predators zone.
3:05 of 2nd period - T.J. Oshie is hit by Charlie Coyle.
4:16 of 2nd period - Cody Franson is hit by Chad Ruhwedel.
4:49 of 2nd period - Off-side.
4:50 of 2nd period - Nicklas Backstrom wins face-off versus Mats Zuccarello in neutral zone.
5:03 of 2nd period - Off-side.
5:04 of 2nd period - Derick Brassard wins face-off versus Travis Zajac in neutral zone.
5:32 of 2nd period - Major / Game Misconduct Penalty to Jordie Benn for Attempt to injure.
5:32 of 2nd period - Jordie Benn is ejected from game.
5:33 of 2nd period - Casey Cizikas wins face-off versus Dainius Zubrus in Predators zone.
6:02 of 2nd period - Shot by Jake Muzzin.
6:02 of 2nd period - Stopped by Carter Hutton without a rebound.
6:03 of 2nd period - Travis Zajac wins face-off versus Casey Cizikas in Predators zone.
6:20 of 2nd period - Shot by Travis Zajac.
6:20 of 2nd period - Shot Misses the Net.
6:26 of 2nd period - Shot by Marc Methot.
6:26 of 2nd period - Stopped by Carter Hutton with a rebound.
6:34 of 2nd period - Shot by Travis Zajac.
6:34 of 2nd period - Shot Misses the Net.
6:36 of 2nd period - Shot by Marc Methot.
6:36 of 2nd period - Stopped by Carter Hutton without a rebound.
6:37 of 2nd period - Dainius Zubrus wins face-off versus Artem Anisimov in Predators zone.
7:04 of 2nd period - Shot by Dennis Wideman.
7:04 of 2nd period - Shot Blocked by Zbynek Michalek.
7:06 of 2nd period - Shot by Charlie Coyle.
7:06 of 2nd period - Shot Misses the Net.
7:08 of 2nd period - Shot by Dennis Wideman.
7:08 of 2nd period - Shot Blocked by Roman Josi.
7:22 of 2nd period - Casey Cizikas is hit by Charlie Coyle and loses puck.
7:51 of 2nd period - Shot by Marc Methot.
7:51 of 2nd period - Stopped by Carter Hutton with a rebound.
7:55 of 2nd period - Shot by Mats Zuccarello.
7:55 of 2nd period - Shot Misses the Net.
7:57 of 2nd period - Shot by Marc Methot.
7:57 of 2nd period - Shot Blocked by Justin Abdelkader.
8:23 of 2nd period - Charlie Coyle is hit by T.J. Oshie and loses puck.
8:30 of 2nd period - Minor Penalty to Roman Josi for Hooking.
8:31 of 2nd period - Dainius Zubrus wins face-off versus Casey Cizikas in Predators zone.
8:51 of 2nd period - Icing by Brian Campbell.
8:52 of 2nd period - Casey Cizikas wins face-off versus Dainius Zubrus in Oilers zone.
9:31 of 2nd period - Shot by Mikkel Boedker.
9:31 of 2nd period - Shot Misses the Net.
9:33 of 2nd period - Shot by Travis Zajac.
9:33 of 2nd period - Deflect By Mikkel Boedker.
9:33 of 2nd period - Stopped by Carter Hutton without a rebound.
9:34 of 2nd period - Travis Zajac wins face-off versus Patrik Berglund in Predators zone.
9:39 of 2nd period - Shot by Mats Zuccarello.
9:39 of 2nd period - Stopped by Carter Hutton without a rebound.
9:40 of 2nd period - Casey Cizikas wins face-off versus Mikkel Boedker in Predators zone.
10:04 of 2nd period - Icing by Dennis Wideman.
10:05 of 2nd period - Mikkel Boedker wins face-off versus Casey Cizikas in Oilers zone.
10:12 of 2nd period - Shot by Mikkel Boedker.
10:12 of 2nd period - Stopped by Carter Hutton without a rebound.
10:13 of 2nd period - Casey Cizikas wins face-off versus Dainius Zubrus in Predators zone.
10:13 of 2nd period - Casey Cizikas is hit by Brooks Laich.
10:14 of 2nd period - Minor Penalty to Charlie Coyle for Hooking.
10:15 of 2nd period - Casey Cizikas wins face-off versus Mats Zuccarello in Oilers zone.
11:34 of 2nd period - Shot by Anton Stralman.
11:34 of 2nd period - Stopped by Ben Scrivens without a rebound.
11:35 of 2nd period - T.J. Oshie wins face-off versus Mats Zuccarello in Oilers zone.
11:49 of 2nd period - Icing by Anton Stralman.
11:50 of 2nd period - Mats Zuccarello wins face-off versus Valtteri Filppula in Predators zone.
12:42 of 2nd period - Shot by Charlie Coyle.
12:42 of 2nd period - Shot Blocked by Casey Cizikas.
12:44 of 2nd period - Shot by Dainius Zubrus.
12:44 of 2nd period - Stopped by Carter Hutton without a rebound.
12:45 of 2nd period - Nicklas Backstrom wins face-off versus Nikolai Kulemin in Predators zone.
12:55 of 2nd period - Jaden Schwartz is hit by Marc Methot and loses puck.
13:16 of 2nd period - Aleksander Barkov is hit by Zach Bogosian and loses puck.
13:21 of 2nd period - Shot by Nikolai Kulemin.
13:21 of 2nd period - Shot Misses the Net.
13:29 of 2nd period - Brian Campbell is hit by Max Pacioretty and loses puck.
13:51 of 2nd period - Icing by Dennis Wideman.
13:52 of 2nd period - Derick Brassard wins face-off versus Mikkel Boedker in Oilers zone.
13:55 of 2nd period - Shot by Anton Stralman.
13:55 of 2nd period - Shot Misses the Net.
14:15 of 2nd period - Shot by Derick Brassard.
14:15 of 2nd period - Shot Misses the Net.
14:30 of 2nd period - Shot by Artem Anisimov.
14:30 of 2nd period - Shot Blocked by Jake Muzzin.
15:33 of 2nd period - Shot by T.J. Oshie.
15:33 of 2nd period - Deflect By Valtteri Filppula.
15:33 of 2nd period - Stopped by Ben Scrivens without a rebound.
15:34 of 2nd period - Aleksander Barkov wins face-off versus Nicklas Backstrom in Oilers zone.
15:41 of 2nd period - Nikolai Kulemin is hit by Max Pacioretty and loses puck.
16:16 of 2nd period - Shot by Jaden Schwartz.
16:16 of 2nd period - Deflect By Max Pacioretty.
16:16 of 2nd period - Goal by Max Pacioretty - Oilers : 0 - Predators : 3.
16:17 of 2nd period - Valtteri Filppula wins face-off versus Travis Zajac in neutral zone.
17:27 of 2nd period - Minor Penalty to Marc Methot for Interference.
17:28 of 2nd period - Nicklas Backstrom wins face-off versus Drew Miller in Oilers zone.
17:28 of 2nd period - Max Pacioretty is hit by Chad Ruhwedel and loses puck.
17:41 of 2nd period - Shot by Jaden Schwartz.
17:41 of 2nd period - Shot Blocked by Brian Campbell.
17:43 of 2nd period - Shot by Nicklas Backstrom.
17:43 of 2nd period - Shot Blocked by Brian Campbell.
17:45 of 2nd period - Shot by Max Pacioretty.
17:45 of 2nd period - Deflect By Jaden Schwartz.
17:45 of 2nd period - Goal by Jaden Schwartz - Oilers : 0 - Predators : 4.
17:45 of 2nd period - Kari Lehtonen enters game.
17:46 of 2nd period - Dainius Zubrus wins face-off versus Derick Brassard in neutral zone.
17:49 of 2nd period - Shot by Charlie Coyle.
17:49 of 2nd period - Shot Misses the Net.
18:47 of 2nd period - Shot by Nicklas Backstrom.
18:47 of 2nd period - Shot Blocked by Olli Maatta.
18:49 of 2nd period - Shot by Zbynek Michalek.
18:49 of 2nd period - Shot Misses the Net.
19:07 of 2nd period - Shot by Max Pacioretty.
19:07 of 2nd period - Stopped by Kari Lehtonen with a rebound.
19:09 of 2nd period - Shot by Nicklas Backstrom.
19:09 of 2nd period - Stopped by Kari Lehtonen without a rebound.
19:10 of 2nd period - Travis Zajac wins face-off versus Valtteri Filppula in Oilers zone.
19:10 of 2nd period - Travis Zajac is hit by Valtteri Filppula.
19:15 of 2nd period - Jake Muzzin is hit by T.J. Oshie and loses puck.
19:38 of 2nd period - Shot by Mats Zuccarello.
19:38 of 2nd period - Stopped by Carter Hutton without a rebound.
19:39 of 2nd period - Nicklas Backstrom wins face-off versus Charlie Coyle in Predators zone.
19:39 of 2nd period - Nicklas Backstrom is hit by Dainius Zubrus.
19:49 of 2nd period - Shot by Max Pacioretty.
19:49 of 2nd period - Shot Blocked by Brian Campbell.
Goals for this period are 0 for Oilers vs 2 for Predators.
Shots for this period are 9 for Oilers vs 7 for Predators.

3rd period


0:01 of 3rd period - Travis Zajac wins face-off versus Valtteri Filppula in neutral zone.
0:01 of 3rd period - Marc Methot is hit by Steven Stamkos and loses puck.
0:15 of 3rd period - Icing by Marc Methot.
0:16 of 3rd period - Nicklas Backstrom wins face-off versus Mats Zuccarello in Oilers zone.
0:42 of 3rd period - Minor Penalty to Nikita Zadorov for Roughing.
0:43 of 3rd period - Dainius Zubrus wins face-off versus Casey Cizikas in Predators zone.
0:44 of 3rd period - Shot by Charlie Coyle.
0:44 of 3rd period - Stopped by Carter Hutton without a rebound.
0:45 of 3rd period - Dainius Zubrus wins face-off versus Casey Cizikas in Predators zone.
0:50 of 3rd period - Shot by Dennis Wideman.
0:50 of 3rd period - Stopped by Carter Hutton without a rebound.
0:51 of 3rd period - Travis Zajac wins face-off versus T.J. Oshie in Predators zone.
1:27 of 3rd period - Shot by Mats Zuccarello.
1:27 of 3rd period - Deflect By Mikkel Boedker.
1:27 of 3rd period - Stopped by Carter Hutton without a rebound.
1:28 of 3rd period - Casey Cizikas wins face-off versus Dainius Zubrus in Predators zone.
1:51 of 3rd period - Shot by Jake Muzzin.
1:51 of 3rd period - Goal by Jake Muzzin - Oilers : 1 - Predators : 4.
1:52 of 3rd period - Nicklas Backstrom wins face-off versus Aleksander Barkov in neutral zone.
1:54 of 3rd period - Max Pacioretty is hit by Chad Ruhwedel and loses puck.
2:07 of 3rd period - Shot by Nicklas Backstrom.
2:07 of 3rd period - Shot Misses the Net.
2:09 of 3rd period - Shot by Nikita Zadorov.
2:09 of 3rd period - Goal by Nikita Zadorov - Oilers : 1 - Predators : 5.
2:10 of 3rd period - Travis Zajac wins face-off versus Derick Brassard in neutral zone.
2:47 of 3rd period - Shot by Travis Zajac.
2:47 of 3rd period - Shot Blocked by Zbynek Michalek.
2:49 of 3rd period - Shot by Mats Zuccarello.
2:49 of 3rd period - Stopped by Carter Hutton without a rebound.
2:50 of 3rd period - Dainius Zubrus wins face-off versus T.J. Oshie in Predators zone.
3:05 of 3rd period - Shot by Charlie Coyle.
3:05 of 3rd period - Stopped by Carter Hutton without a rebound.
3:06 of 3rd period - Nicklas Backstrom wins face-off versus Aleksander Barkov in Predators zone.
4:07 of 3rd period - Cody Franson is hit by Marc Methot and loses puck.
4:21 of 3rd period - Travis Zajac is hit by Zach Bogosian and loses puck.
4:36 of 3rd period - Valtteri Filppula is hit by Mikkel Boedker.
4:40 of 3rd period - Shot by Steven Stamkos.
4:40 of 3rd period - Deflect By T.J. Oshie.
4:40 of 3rd period - Shot Blocked by Brian Campbell.
5:21 of 3rd period - Shot by Brooks Laich.
5:21 of 3rd period - Stopped by Carter Hutton without a rebound.
5:22 of 3rd period - Aleksander Barkov wins face-off versus Derick Brassard in Predators zone.
5:25 of 3rd period - Shot by Drew Miller.
5:25 of 3rd period - Shot Misses the Net.
5:27 of 3rd period - Shot by Olli Maatta.
5:27 of 3rd period - Stopped by Carter Hutton without a rebound.
5:28 of 3rd period - Aleksander Barkov wins face-off versus Derick Brassard in Predators zone.
5:33 of 3rd period - Shot by Nikolai Kulemin.
5:33 of 3rd period - Stopped by Carter Hutton without a rebound.
5:34 of 3rd period - Nicklas Backstrom wins face-off versus Dainius Zubrus in Predators zone.
5:34 of 3rd period - Nicklas Backstrom is hit by Dainius Zubrus.
5:54 of 3rd period - Roman Josi is hit by Charlie Coyle and loses puck.
6:08 of 3rd period - Nicklas Backstrom is hit by Jake Muzzin and loses puck.
6:14 of 3rd period - Icing by Jake Muzzin.
6:15 of 3rd period - Dainius Zubrus wins face-off versus Valtteri Filppula in Oilers zone.
6:20 of 3rd period - T.J. Oshie is hit by Dainius Zubrus and loses puck.
6:36 of 3rd period - Icing by Zach Bogosian.
6:37 of 3rd period - Valtteri Filppula wins face-off versus Travis Zajac in Predators zone.
6:37 of 3rd period - Valtteri Filppula is hit by Mikkel Boedker.
7:04 of 3rd period - Icing by Valtteri Filppula.
7:05 of 3rd period - Aleksander Barkov wins face-off versus Steven Stamkos in Predators zone.
7:08 of 3rd period - Shot by Aleksander Barkov.
7:08 of 3rd period - Shot Blocked by Zbynek Michalek.
7:38 of 3rd period - Shot by Roman Josi.
7:38 of 3rd period - Shot Blocked by Chad Ruhwedel.
7:44 of 3rd period - Shot by Nicklas Backstrom.
7:44 of 3rd period - Stopped by Kari Lehtonen without a rebound.
7:45 of 3rd period - Mats Zuccarello wins face-off versus Derick Brassard in Oilers zone.
7:45 of 3rd period - Mats Zuccarello is hit by Derick Brassard.
7:59 of 3rd period - Shot by Derick Brassard.
7:59 of 3rd period - Stopped by Kari Lehtonen with a rebound.
8:24 of 3rd period - Shot by Nikita Kucherov.
8:24 of 3rd period - Stopped by Carter Hutton without a rebound.
8:25 of 3rd period - Nicklas Backstrom wins face-off versus Dainius Zubrus in Predators zone.
8:25 of 3rd period - Nicklas Backstrom is hit by Dainius Zubrus.
8:34 of 3rd period - Max Pacioretty is hit by Marc Methot and loses puck.
8:43 of 3rd period - Shot by Max Pacioretty.
8:43 of 3rd period - Stopped by Kari Lehtonen without a rebound.
8:44 of 3rd period - Valtteri Filppula wins face-off versus Aleksander Barkov in Oilers zone.
8:44 of 3rd period - Steven Stamkos is hit by Olli Maatta and loses puck.
9:00 of 3rd period - Aleksander Barkov is hit by Zach Bogosian and loses puck.
9:15 of 3rd period - Shot by Nikolai Kulemin.
9:15 of 3rd period - Shot Misses the Net.
9:27 of 3rd period - Nikolai Kulemin is hit by Zach Bogosian and loses puck.
9:35 of 3rd period - Icing by Valtteri Filppula.
9:36 of 3rd period - Valtteri Filppula wins face-off versus Travis Zajac in Predators zone.
10:10 of 3rd period - Max Pacioretty is hit by Jake Muzzin.
10:27 of 3rd period - Jaden Schwartz is hit by Dennis Wideman and loses puck.
10:51 of 3rd period - Shot by Derick Brassard.
10:51 of 3rd period - Deflect By Patrik Berglund.
10:51 of 3rd period - Shot Misses the Net.
11:30 of 3rd period - Minor Penalty to Justin Abdelkader for High sticking.
11:31 of 3rd period - Dainius Zubrus wins face-off versus T.J. Oshie in Predators zone.
11:34 of 3rd period - Shot by Brian Campbell.
11:34 of 3rd period - Stopped by Carter Hutton without a rebound.
11:35 of 3rd period - Travis Zajac wins face-off versus Casey Cizikas in Predators zone.
12:11 of 3rd period - Minor Penalty to Nikita Zadorov for Holding.
12:11 of 3rd period - Minor Penalty to Dainius Zubrus for Holding.
12:12 of 3rd period - Aleksander Barkov wins face-off versus Casey Cizikas in Predators zone.
13:01 of 3rd period - Anton Stralman is hit by Nikolai Kulemin and loses puck.
13:31 of 3rd period - Icing by Mikkel Boedker.
13:32 of 3rd period - Mikkel Boedker wins face-off versus Steven Stamkos in Oilers zone.
13:32 of 3rd period - Mikkel Boedker is hit by Steven Stamkos.
13:40 of 3rd period - Shot by Max Pacioretty.
13:40 of 3rd period - Stopped by Kari Lehtonen without a rebound.
13:41 of 3rd period - Mats Zuccarello wins face-off versus Steven Stamkos in Oilers zone.
13:54 of 3rd period - Shot by Travis Zajac.
13:54 of 3rd period - Stopped by Carter Hutton without a rebound.
13:55 of 3rd period - Steven Stamkos wins face-off versus Mats Zuccarello in Predators zone.
14:01 of 3rd period - Anton Stralman is hit by Mats Zuccarello and loses puck.
14:32 of 3rd period - Shot by Dainius Zubrus.
14:32 of 3rd period - Shot Misses the Net.
15:19 of 3rd period - T.J. Oshie is hit by Nikolai Kulemin and loses puck.
17:07 of 3rd period - Nicklas Backstrom is hit by Charlie Coyle.
17:43 of 3rd period - Nicklas Backstrom is hit by Nikolai Kulemin and loses puck.
18:37 of 3rd period - Shot by Brian Campbell.
18:37 of 3rd period - Stopped by Carter Hutton without a rebound.
18:38 of 3rd period - Mats Zuccarello wins face-off versus Valtteri Filppula in Predators zone.
18:39 of 3rd period - Shot by Marc Methot.
18:39 of 3rd period - Stopped by Carter Hutton without a rebound.
18:40 of 3rd period - Valtteri Filppula wins face-off versus Travis Zajac in Predators zone.
18:44 of 3rd period - Off-side.
18:45 of 3rd period - Dainius Zubrus wins face-off versus Valtteri Filppula in neutral zone.
Goals for this period are 1 for Oilers vs 1 for Predators.
Shots for this period are 14 for Oilers vs 5 for Predators.


Output by the SimonT Hockey Simulator (STHS) for Stephane Roy -- Original Page W3C XHTML 1.0 Valid
Hockey Simulator - Hockey Simulation - Hockey Manager